 Dungeon Crawl Stone Soup version 0.20-a0-453-g91466d2 (webtiles) character file.

32 Kriby the Magician (level 3, -1/24 HPs)
             Began as a Mummy Fire Elementalist on Jan 8, 2017.
             Slain by Natasha (4 damage)
             ... on level 2 of the Dungeon.
             The game lasted 00:01:20 (1262 turns).

Kriby the Magician (Mummy Fire Elementalist)        Turns: 1262, Time: 00:01:20

Health: -1/24      AC:  3    Str: 11    XL:     3   Next: 8%
Magic:  4/9        EV: 12    Int: 15    God:
Gold:   16         SH:  0    Dex: 12    Spells: 10/11 levels left

rFire  x . .     SeeInvis .     d - +0 dagger
rCold  + . .     Gourm    .     a - +0 robe
rNeg   + + +     Faith    .     (no shield)
rPois  ∞         Spirit   .     (no helmet)
rElec  .         Reflect  .     (no cloak)
rCorr  .         Harm     .     e - +0 pair of gloves
MR     .....                    (no boots)
Stlth  ++........               (no amulet)
                                (no ring)
                                (no ring)

@: very slightly contaminated
A: no food or potions, fire vulnerability, cold resistance 1, negative energy
resistance 3, torment resistance, unbreathing
a: no special abilities


You were on level 2 of the Dungeon.
You were not hungry.

You visited 1 branch of the dungeon, and saw 2 of its levels.

You collected 16 gold pieces.

Inventory:

Hand Weapons
 d - a +0 dagger (weapon)
Armour
 a - a +0 robe (worn)
 e - a +0 pair of gloves (worn)
Jewellery
 g - a +4 ring of evasion {unknown}
Scrolls
 c - 3 scrolls of blinking {unknown}
 f - a scroll of enchant armour {unknown}
 h - a scroll of teleportation {unknown}
Books
 b - a book of Flames

   Spells                             Type                      Level
   a - Flame Tongue                   Conjuration/Fire             1
   b - Throw Flame                    Conjuration/Fire             2
   c - Conjure Flame                  Conjuration/Fire             3
   d - Inner Flame                    Hexes/Fire                   3
   e - Sticky Flame                   Conjuration/Fire             4
   f - Fireball                       Conjuration/Fire             5


   Skills:
 - Level 1.5 Dodging
 - Level 1.5 Stealth
 + Level 4.5 Spellcasting
 - Level 0.7 Conjurations
 - Level 2.4 Fire Magic


You had 10 spell levels left.
You knew the following spells:

 Your Spells              Type           Power        Failure   Level  Hunger
a - Flame Tongue          Conj/Fire      #....        12%         1    N/A

Dungeon Overview and Level Annotations

Branches:
Dungeon (2/15)

Altars:

Annotations:
D:2 Natasha


Innate Abilities, Weirdness & Mutations

You do not eat or drink.
Your flesh is vulnerable to fire.
You are immune to poison.
Your flesh is cold resistant. (rC+)
You are immune to negative energy. (rN+++)
You are immune to unholy pain and torment.
You can survive without breathing.


Message History

Press: ? - help, Shift-Dir - straight line, f/p - Natasha
Aim: Natasha (lightly wounded)
The flame tongue misses Natasha.
The flame tongue hits the white imp.
The white imp is burned terribly!
You kill the white imp!
Natasha claws you.
Casting: Flame Tongue
Confirm with . or Enter, or press ? or * to list all spells.
Aiming: Flame Tongue
Press: ? - help, Shift-Dir - straight line, f/p - Natasha
Aim: Natasha (lightly wounded)
The flame tongue misses Natasha.
Natasha claws you.
* * * LOW HITPOINT WARNING * * *
Casting: Flame Tongue
Confirm with . or Enter, or press ? or * to list all spells.
Aiming: Flame Tongue
Press: ? - help, Shift-Dir - straight line, f/p - Natasha
Aim: Natasha (lightly wounded)
The flame tongue misses Natasha.
Natasha claws you.
You die...

#.. #.. ##.## #...# ##
# #...# .#. #..<######
#.## #.# #####..)......
#....#.###.............
#....h@................
##...#.###.............
##. #.# ####..........
# #.# #....)###.. ..#
#.....# ## ### #.....#
#.....# ##.###


You could see Natasha.

Vanquished Creatures
  2 dart slugs (D:1)
  A leopard gecko (D:1)
  6 bats
  4 goblins (D:1)
  3 hobgoblins
  4 jackals (D:1)
  A ball python (D:1)
  A frilled lizard (D:1)
  2 kobolds (D:1)
  2 rats (D:1)
26 creatures vanquished.

Notes
Turn   | Place    | Note
-------+----------+-------------------------------------------
     0 | D:1      | Kriby the Mummy Fire Elementalist began the quest for the Orb.
     0 | D:1      | Reached XP level 1. HP: 13/13 MP: 4/4
    69 | D:1      | Reached skill level 3 in Spellcasting
   126 | D:1      | Reached XP level 2. HP: 10/19 MP: 0/6
   354 | D:1      | Reached skill level 4 in Spellcasting
   956 | D:1      | Reached XP level 3. HP: 24/24 MP: 4/8
  1254 | D:2      | Noticed Natasha
  1262 | D:2      | Slain by Natasha

Vault maps used:
D:1:      kennysheep_arrival_forest
D:2:      uniq_natasha, uniq_iyjb

Skill      XL: |  1  2 |
---------------+-------+-----
Spellcasting   | 3 4 |  4.5
Dodging        | |  1.5
Stealth        | |  1.5
Conjurations   | |  0.7
Fire Magic     | |  2.4

Action                   || total
-------------------------++-------
Melee: Unarmed           ||     6
       Dagger            ||     6
 Cast: Flame Tongue      ||    50
Armor: Robe              ||    17
Dodge: Dodged            ||    40
